 Dungeon Crawl Stone Soup version 0.31-a0-175-g9f7f995f2b (webtiles) character file.

Game seed: 16034103582536217145

119 qw the Shooter (level 5, -5/32 HPs)
             Began as a Gargoyle Hunter on June 17, 2023.
             Slain by Robin
             ... wielding a +2 heavy trident
              (8 damage)
             ... on level 3 of the Dungeon.
             The game lasted 00:00:41 (1178 turns).

qw the Shooter (Gargoyle Hunter)                    Turns: 1178, Time: 00:00:42

Health: -5/32      AC:  9    Str: 15    XL:     5   Next: 3%
Magic:  5/5        EV: 11    Int:  9    God:
Gold:   107        SH:  0    Dex: 15    Spells: 4/4 levels left

rFire   . . .        Y - +0 shortbow
rCold   . . .        (shield currently unavailable)
rNeg    + . .        e - +0 ring mail
rPois   inf          (no helmet)
rElec   +            (no cloak)
rCorr   .            (no gloves)
SInv    +            (no boots)
Will    .....        (no amulet)
Stlth   +            h - ring of see invisible
HPRegen 0.25/turn    (no ring)
MPRegen 0.09/turn

%: no passive effects
@: no status effects
A: sickness immunity, AC +4, negative energy resistance 1, electricity
resistance, torment resistance 1, petrification resistance
a: no special abilities


You were on level 3 of the Dungeon.
You visited 1 branch of the dungeon, and saw 3 of its levels.

You collected 107 gold pieces.


Innate Abilities, Weirdness & Mutations

You are immune to sickness and miasma.
Your stone body is resilient. (AC +4)
You are immune to poison.
You resist negative energy. (rN+)
You are resistant to electric shocks. (rElec)
You are resistant to unholy torment.
You are immune to petrification.


   Skills:
 - Level 3.5 Fighting
 + Level 5.4 Ranged Weapons
 - Level 1.0 Armour
 - Level 1.5 Dodging
 - Level 1.1 Stealth


You had 4 spell levels left.
You didn't know any spells.
Your spell library was empty.

Inventory:

Hand Weapons
 Y - a +0 shortbow (weapon)
Armour
 e - a +0 ring mail (worn)
Jewellery
 a - a ring of ice
 h - a ring of see invisible (left hand)
Scrolls
 b - a scroll of blinking {unknown}
 f - a scroll of identify
Potions
 c - a potion of mutation
 d - a potion of magic {unknown}
 g - a potion of curing {unknown}
 i - a potion of lignification {unknown}

Dungeon Overview and Level Annotations

Branches:
Dungeon (3/15)

Altars:

Annotations:
D:3 Robin


Message History

You shoot an arrow. The arrow closely misses the hobgoblin.
The goblin hits you but does no damage. The goblin barely misses you.
The goblin closely misses you. The hobgoblin hits you.
You shoot an arrow. The arrow hits the hobgoblin.
You kill the hobgoblin!
The goblin hits you but does no damage. The goblin barely misses you.
The goblin hits you with a +0 club.
A goblin comes into view. It is wielding a +0 dagger.
The goblin hits you but does no damage. The goblin completely misses you.
The hobgoblin hits you. The goblin hits you but does no damage.
You shoot an arrow. The arrow hits the hobgoblin.
The hobgoblin is heavily wounded.
The goblin hits you but does no damage. The goblin misses you.
The goblin hits you with a +0 club. The hobgoblin barely misses you.
Robin hits you from afar with a +2 heavy trident.
You shoot an arrow. The arrow barely misses the hobgoblin.
The goblin barely misses you. The hobgoblin barely misses you.
The goblin hits you but does no damage. The goblin misses you.
Robin hits you but does no damage.
You shoot an arrow. The arrow hits the hobgoblin.
The hobgoblin is almost dead.
The goblin misses you. The goblin barely misses you.
The hobgoblin hits you but does no damage.
The goblin hits you but does no damage.
You shoot an arrow. The arrow hits the hobgoblin.
You kill the hobgoblin!
The goblin no longer looks unusually strong. x2
The goblin barely misses you.
Robin roars a battlecry!
The goblins go into a battle-frenzy!
The goblin hits you with a +0 club. The goblin closely misses you.
You shoot an arrow. The arrow barely misses the goblin.
Robin barely misses you. The goblin barely misses you.
The goblin hits you with a +0 club. x2; The goblin barely misses you.
The goblin misses you. The goblin hits you but does no damage.
The goblin barely misses you. The goblin closely misses you.
You shoot an arrow. The arrow hits the goblin.
The goblin is heavily wounded.
Robin hits you from afar with a +2 heavy trident!
You die...

........ ......
...... #.%..
#.).## gg..##
#..# #gg.<###...#
#.. #@gg#.#.#..#
#.. #g###......#
#.. #.........#
...
##........####
#.. #...........#
#.. #........>#.#
#..
#.......#.#.###..
#......##.#......
#...#.###.#.##...


You could see Robin and 6 goblins.

Vanquished Creatures
  Terence (D:2)
  A gnoll (D:1)
  3 adders
  A worm (D:2)
  2 dart slugs
  5 ball pythons
  4 endoplasms
  A giant cockroach (D:3)
  4 goblins
  6 hobgoblins
  6 kobolds
  8 bats
  A frilled lizard (D:1)
  6 rats
49 creatures vanquished.

Notes
Turn   | Place    | Note
-------+----------+-------------------------------------------
     0 | D:1      | qw the Gargoyle Hunter began the quest for the Orb.
     0 | D:1      | Reached XP level 1. HP: 12/12 MP: 1/1
     0 | D:1      | 0 ||| qw: Version: 0.3-a-2-g5ab2908
     0 | D:1      | 0 ||| qw: Game counter: 144
     0 | D:1      | 0 ||| qw: Always use a shield: true
     0 | D:1      | 0 ||| qw: God list: Okawaru
     0 | D:1      | 0 ||| qw: Allow faded altars: false
     0 | D:1      | 0 ||| qw: Do Orc after D:15 true
     0 | D:1      | 0 ||| qw: Do second Lair branch before Depths: true
     0 | D:1      | 0 ||| qw: Lair rune preference: random
     0 | D:1      | 0 ||| qw: Plans: Normal, Zot:1-4, Slime:5, God:TSO, Crypt,
                  | Tomb, Abyss, Pan, Hells, Win
     0 | D:1      | 0 ||| PLANNING D:1-11
   155 | D:1      | Reached XP level 2. HP: 17/17 MP: 2/2
   221 | D:1      | Reached XP level 3. HP: 21/21 MP: 3/3
   249 | D:1      | Reached skill level 5 in Ranged Weapons
   528 | D:1      | 528 ||| UPGRADING to +0 ring mail.
   538 | D:1      | 538 ||| DROPPING +0 leather armour.
   539 | D:1      | 539 ||| UPGRADING to ring of see invisible.
   540 | D:1      | 540 ||| READING scroll labelled XUED MECSE.
   541 | D:1      | 541 ||| READING scroll labelled QOTROR IMIMUE.
   542 | D:1      | 542 ||| READING scroll labelled AWKIJY CUHUURGH.
   557 | D:1      | 557 ||| DROPPING scroll of butterflies.
   627 | D:2      | Reached skill level 1 in Armour
   725 | D:2      | Noticed Terence
   734 | D:2      | Killed Terence
   735 | D:2      | Reached skill level 3 in Fighting
   735 | D:2      | Reached XP level 4. HP: 22/28 MP: 4/4
   978 | D:2      | 978 ||| READING scroll labelled DORHOKHLAVO.
   986 | D:2      | Found a faded altar of an unknown god.
  1073 | D:2      | 1073 ||| READING 2 scrolls of identify.
  1073 | D:2      | 1073 ||| IDENTIFYING smoky cyan potion
  1164 | D:3      | Noticed Robin
  1166 | D:3      | Reached XP level 5. HP: 32/32 MP: 5/5
  1177 | D:3      | HP: 6/32 [goblin/+0 club[Robin] (3)]
  1177 | D:3      | HP: 2/32 [goblin/+0 club[Robin] (4)]
  1178 | D:3      | Slain by Robin

Levels and vault maps discovered:
D:1:      dpeg_arrival_signposts, layout_rooms, roderic_serpentine_path
D:2:      layout_rooms, shapermc_ecumenical_altar_petra, uniq_terence
D:3:      layout_loops_ring, uniq_robin, uniq_ijyb, uniq_natasha

Skill      XL: |  1  2  3 |
---------------+----------+-----
Ranged Weapons | 5 |  5.4
Armour         | 1 |  1.0
Fighting       | 3 |  3.5
Dodging        | |  1.5
Stealth        | |  1.1

Action                     |  1- 3 |  4- 6 || total
---------------------------+-------+-------++-------
   Fire: Shortbow          |   100 |    77 ||   177
    Use: Scroll            |     3 |     2 ||     5
 Armour: Leather armour    |    17 |       ||    17
         Ring mail         |     4 |    28 ||    32
  Dodge: Dodged            |    36 |    41 ||    77

Table legend:
 A = Non-vault XP
 B = Vault XP
 C = Vault XP percentage of total XP
 D = Non-vault monster count
 E = Vault monster count
 F = Vault count percentage of total count
                 A         B        C        D         E       F
            +---------+---------+-------+---------+---------+-------
      Total |     127 |      44 |  25.7 |      43 |       6 |  12.2
            +---------+---------+-------+---------+---------+-------
        D:1 |      51 |       0 |   0.0 |      22 |       0 |   0.0
        D:2 |      59 |      36 |  37.9 |      17 |       1 |   5.6
        D:3 |      17 |       8 |  32.0 |       4 |       5 |  55.6
            +---------+---------+-------+---------+---------+-------
